AoeStats
← renesampaio

Arabia

510827465Analyzed
1v1 RM · 8h ago on Oct 2, 2026· 47m 52s· 2 players
Game mode
Random Map
Map size
Tiny (2 player)
Population
200
Speed
Normal
Resources
Standard
Victory
Conquest
Starting age
Dark Age
Ending age
Imperial Age
RankedLock teamsTeams togetherTeam positionsShared explorationLock speedFull tech treeHidden civsTurbo modeCheats
Victory
Defeat
🇩🇪 Berbers · Germany
914
+15
🇧🇷 Vietnamese · Brazil
893
-15
renesampaio
1:16 Loom
10:52 Feudal Age
19:23 Castle Age
17:41 Gold Mining
18:10 Stone Mining
18:29 Double-Bit Axe
20:23 Wheelbarrow
xxxDonPabloxxx
7:06 Loom
10:05 Feudal Age
15:29 Double-Bit Axe
15:27 Horse Collar
21:06 Castle Age
20:39 Scale Barding Armor
26:44 Fletching
26:54 Padded Archer Armor
27:24 Bow Saw
28:42 Bloodlines
28:43 Heavy Plow
31:51 Wheelbarrow
33:32 Ballistics
34:03 Bodkin Arrow
36:19 Chain Barding Armor
36:15 Leather Archer Armor
36:11 Forging
37:32 Hand Cart
41:44 Imperial Age
47:32 Conscription
46:34 Spies/Treason
Connection lost

Rejoining the realm…

Still unreachable

The connection could not be restored.

Session expired

The server has moved on; the page needs a fresh start.